 Dungeon Crawl Stone Soup version 0.25.1-2-g60ff931df9 (webtiles) character file.

Game seed: 3992524956545740760

414582 Exodus22XD the Human Blade (level 24, -11/195 HPs)
             Began as a Human Berserker on Oct 24, 2020.
             Was the Champion of Trog.
             Killed from afar by a frost giant (59 damage)
             ... with a bolt of cold
             ... on level 5 of the Vaults on Oct 25, 2020.
             The game lasted 03:38:00 (51561 turns).

Exodus22XD the Human Blade (Human Berserker)       Turns: 51561, Time: 03:38:01

Health: -11/195    AC: 33    Str: 38    XL:     24   Next: 72%
Magic:  23/23      EV: 23    Int: 12    God:    Trog [******]
Gold:   2231       SH:  0    Dex: 22    Spells: 23/23 levels left

rFire    + + .     SeeInvis +   Q - +9 triple sword (vorpal)
rCold    . . .     Gourm    .   (shield currently unavailable)
rNeg     + . .     Faith    .   i - +8 fire dragon scales
rPois    +         Spirit   .   t - +0 mask of the Dragon {MR+ Slay+3 SInv}
rElec    +         Reflect  .   s - +1 cloak {rPois}
rCorr    .         Harm     .   n - +3 pair of gloves of Articulation {Int+3}
MR       +++..                  A - +1 pair of boots {run}
Stlth    ..........             N - amulet "Puxiunaj" {rF+ Regen+ Int+2}
HPRegen  0.82/turn              x - ring of Cust {Ice rElec rN+ Str+4 Int-5}
MPRegen  0.18/turn              o - ring "Adun" {MR+ Str+7 Int+2 Dex+9 Stlth-}

@: quick
A: frail 1
}: 2/15 runes: barnacled, gossamer
a: Berserk, Trog's Hand, Brothers in Arms, Renounce Religion


You were on level 5 of the Vaults.
You worshipped Trog.
Trog was exalted by your worship.
You were not hungry.

You visited 7 branches of the dungeon, and saw 37 of its levels.
You visited the Abyss 1 time.
You visited 1 bazaar.
You also visited: Ice Cave.

You collected 5139 gold pieces.
You spent 2908 gold pieces at shops.

Inventory:

Hand Weapons
 Q - a +9 vorpal triple sword (weapon)
 T - a +6 antimagic great sword
 Z - a +4 triple sword of flaming
Armour
 i - +8 fire dragon scales (worn)
 n - the +3 pair of gloves of Articulation (worn) {Int+3}
   (You found it on level 4 of the Dungeon)

   It affects your intelligence (+3).
 s - a +1 cloak of poison resistance (worn)
 t - the +0 mask of the Dragon (worn) {MR+ Slay+3 SInv}
   (You found it on level 3 of the Elven Halls)

   It affects your accuracy and damage with ranged weapons and melee attacks
   (+3).
   It affects your resistance to hostile enchantments.
   It lets you see invisible.
 A - a +1 pair of boots of running (worn)
Jewellery
 o - the ring "Adun" (right hand) {MR+ Str+7 Int+2 Dex+9 Stlth-}
   (You took it off a deep elf knight on level 3 of the Elven Halls)

   [ring of attention]

   It affects your strength (+7).
   It affects your intelligence (+2).
   It affects your dexterity (+9).
   It affects your resistance to hostile enchantments.
   It makes you less stealthy.
 x - the ring of Cust (left hand) {Ice rElec rN+ Str+4 Int-5}
   (You found it on level 1 of the Spider Nest)

   [ring of ice]

   It enhances your ice magic.
   It affects your strength (+4).
   It affects your intelligence (-5).
   It makes you vulnerable to fire.
   It protects you from cold.
   It insulates you from electricity.
   It protects you from negative energy.
 N - the amulet "Puxiunaj" (around neck) {rF+ Regen+ Int+2}
   (You acquired it on level 1 of the Lair of Beasts)

   [amulet of regeneration]

   It affects your intelligence (+2).
   It protects you from fire.
   It increases your rate of regeneration.
 P - an uncursed amulet of reflection
 V - the ring "Musocar" {rN+ Str+2 Slay+5}
   (You acquired it on level 2 of the Vaults)

   [ring of positive energy]

   It affects your strength (+2).
   It affects your accuracy and damage with ranged weapons and melee attacks
   (+5).
   It protects you from negative energy.
Wands
 a - a wand of digging (18)
 l - a wand of iceblast (18)
 C - a wand of acid (11)
 I - a wand of flame (81)
 K - a wand of disintegration (32)
 L - a wand of clouds (11)
 O - a wand of paralysis (19)
 W - a wand of enslavement (4)
Scrolls
 e - 5 scrolls of blinking
 g - 30 scrolls of remove curse
 j - 13 scrolls of teleportation
 r - 4 scrolls of immolation
 v - 4 scrolls of enchant weapon
 w - a scroll of torment
 y - 6 scrolls of fear
 B - 3 scrolls of holy word
 D - 10 scrolls of identify
 E - 7 scrolls of silence
 F - 4 scrolls of magic mapping
 G - a scroll of summoning
 J - 5 scrolls of fog
 R - 3 scrolls of vulnerability
 S - 2 scrolls of brand weapon
Potions
 b - 12 potions of curing
 d - 9 potions of flight (quivered)
 f - 5 potions of ambrosia
 h - 2 potions of lignification
 k - 5 potions of haste
 m - 5 potions of magic
 p - 4 potions of cancellation
 q - a potion of might
 u - 5 potions of resistance
 z - 3 potions of heal wounds
 M - 2 potions of invisibility
 Y - 6 potions of mutation
Miscellaneous
 U - a lightning rod (4/4)
Comestibles
 c - 68 rations
 H - 10 chunks of flesh


   Skills:
 + Level 24.0 Fighting
   Level 1.4(16.6) Short Blades
 - Level 24.1 Long Blades
 + Level 18.8 Armour
 + Level 13.9 Dodging
 - Level 0.2 Stealth


You had 23 spell levels left.
You didn't know any spells.
Your spell library was empty.

Dungeon Overview and Level Annotations

Branches:
Dungeon (13/15)            Temple (0/1) D:7            Lair (6/6) D:9
 Shoals (4/4) Lair:2       Spider (4/4) Lair:4        Slime (0/5) Lair:6
    Orc (2/2) D:10            Elf (3/3) Orc:2        Vaults (5/5) D:13
  Crypt (0/3) Vaults:3      IceCv (visited)

Altars:
Ashenzari
Dithmenos
Elyvilon
Hepliaklqana
Makhleb
Okawaru
Sif Muna
Trog
Uskayaw
Vehumet
Wu Jian
Xom
Zin
The Shining One
Beogh
Jiyva

Shops:
D:8 (   D:9 :[(?[   D:12 }   Orc:2 (}(((:   Elf:2 [(}}(   Shoals:3 [**?:
Vaults:2 [

Portals:
Abyss: Shoals:1

Annotations:
Lair:3 exclusion: 2 oklob plants
Lair:4 3 runed translucent doors, Rykyfasu's ghost, journeyman MiFi
Shoals:1 2 transporters, DogServant's ghost, journeyman TrHu
Shoals:4 Polyphemus; Roxanne
Elf:2 3 runed translucent doors


Innate Abilities, Weirdness & Mutations

You are frail. (-10% HP)


Message History

Your troll claws the frost giant!
The frost giant hits your troll with a +2 battleaxe of freezing!!!
The frost giant freezes your troll.
Your troll bites the frost giant!
Your troll claws the frost giant but does no damage.
Your troll claws the frost giant.
The frost giant casts a spell at you. The bolt of cold hits your troll!!
Your troll dies!
Your troll's corpse disappears in a puff of smoke!
The bolt of cold misses you.
Items here: $ ))) [ †† Eat one of 11 chunks of flesh? (ye/n/q)
Okay, then.
Eat one of 11 chunks of flesh? (ye/n/q)
You eat one of the 11 chunks of flesh.
This raw flesh tastes terrible.
The frost giant is too close now for your liking.
The frost giant gestures at you while chanting.
The bolt of cold hits you!!!
You die...

#..##.# #.#
#..##.####)#
#..##..##CO#
#..#..)C.u##
#...).#####
#..)C########
#...)........
#..).........
#....@.......
#............
#...)#################
#....÷................
#..#.)................
#..#####....##.....##.
#..#)}##....##.....##.
#..#..[##....##...##..
#..#...##....##...##..


You could see a frost giant.

Vanquished Creatures
  Margery (Vaults:3)
  Nikola (Spider:3)
  A tentacled monstrosity (Vaults:5)
  A titan (Vaults:5)
  2 quicksilver dragons (Vaults:5)
  2 deep elf blademasters (Elf:3)
  A kraken (Shoals:4)
  2 deep elf master archers (Elf:3)
  3 sphinxes
  3 tentacled starspawn (Abyss:2)
  2 tengu reavers
  Donald (Vaults:3)
  Agnes (Spider:3)
  3 storm dragons
  6 frost giants
  7 deep elf sorcerers
  Louise (Spider:3)
  11 vault wardens
  5 fire giants
  A ghost moth (Spider:4)
  An orc warlord (Orc:1)
  7 emperor scorpions
  4 deep elf elementalists (Elf:3)
  6 stone giants
  A war gargoyle (Vaults:5)
  9 very ugly things
  7 entropy weavers
  18 ironheart preservers
  8 deep elf demonologists
  2 vampire knights (Vaults:3)
  2 minotaurs (D:11)
  Azrael (D:12)
  10 deep elf annihilators
  Snorg (D:12)
  7 deep elf death magi
  2 ettins (Vaults:5)
  3 dire elephants (Lair:6)
  9 merfolk impalers
  3 merfolk javelineers
  An eidolon (Vaults:3)
  3 great orbs of eyes
  A crystal guardian (Vaults:2)
  5 deep elf high priests
  9 ogre magi
  An ettin (shapeshifter) (Vaults:5)
  2 fire dragons
  A rakshasa (Vaults:3)
  3 hydras
  6 yaktaur captains
  30 vault guards
  An ice dragon (Vaults:4)
  A satyr (Shoals:3)
  A merfolk avatar (Shoals:2)
  Erica (Orc:1)
  An anaconda (Lair:6)
  7 centaur warriors
  4 merfolk aquamancers
  A catoblepas (Lair:6)
  30 two-headed ogres
  18 dancing weapons
  3 deep troll earth magi (Vaults:4)
  A queen ant (Spider:2)
  6 deep troll shamans (Vaults:4)
  11 death yaks
  4 orc high priests
  Urug (Lair:1)
  3 wretched stars (Abyss:2)
  20 deep elf knights
  5 hell knights (Vaults:3)
  Sonja (Lair:1)
  A storm dragon zombie (Vaults:2)
  A shadow wraith (Vaults:5)
  A spatial maelstrom (Abyss:2)
  6 sea snakes
  A skeletal warrior (Vaults:3)
  A glowing orange brain (Vaults:4)
  2 wizards
  9 deep trolls
  2 unseen horrors (Vaults:1)
  22 deep elf archers
  6 phantasmal warriors
  17 ironbrand convokers
  11 orc knights
  9 necromancers
  15 harpies
  23 orb spiders
  56 deep elf magi
  7 manticores
  14 ugly things
  8 orc sorcerers
  3 cyclopes
  A faun (Shoals:3)
  An oklob plant (Orc:1)
  32 wolf spiders
  4 moths of wrath
  10 elephants (Lair:6)
  6 black mambas
  9 merfolk sirens
  A rust devil (Abyss:2)
  Psyche (D:12)
  An ice statue (IceCv)
  A torpor snail (Spider:3)
  3 water nymphs
  12 vault sentinels
  9 spiny frogs
  2 human zombies (Vaults:2)
  5 rime drakes
  2 centaur skeletons
  2 yaktaur zombies (Vaults:2)
  2 kobold demonologists (Abyss:2)
  3 freezing wraiths (Vaults:4)
  6 komodo dragons
  16 demonic crawlers
  37 yaktaurs
  A troll (shapeshifter) (Vaults:1)
  21 merfolk
  2 meliai (shapeshifter)
  37 jumping spiders
  4 trolls
  10 hornets
  2 meliai (D:13)
  2 wind drakes
  A tengu simulacrum (Vaults:4)
  13 polar bears
  2 sphinx simulacra (Vaults:2)
  3 snapping turtles (Shoals:4)
  13 dream sheep
  22 blink frogs
  14 slime creatures
  A dream sheep (shapeshifter) (Vaults:5)
  15 hippogriffs
  Sigmund (D:5)
  2 air elementals
  71 redbacks
  81 yaks
  2 spriggans (Lair:3)
  10 water elementals
  4 wraiths
  11 wyverns
  5 fire elementals
  22 tarantellas
  A vampire (D:13)
  A human (shapeshifter) (Vaults:2)
  A yak (shapeshifter) (Vaults:5)
  A hog (shapeshifter) (Vaults:2)
  6 basilisks
  A neqoxec (Abyss:2)
  A hungry ghost (D:13)
  A yaktaur simulacrum (Vaults:4)
  A steam dragon (D:7)
  11 wargs
  Edmund (D:5)
  An acid dragon (Vaults:1)
  A soldier ant (shapeshifter) (Vaults:3)
  4 hell hounds
  8 soldier ants
  14 water moccasins
  8 porcupines
  25 orc warriors
  5 sky beasts
  A necrophage (D:9)
  An ettin simulacrum (Vaults:1)
  9 ice beasts
  5 black bears
  2 phantoms
  3 starcursed masses (Abyss:2)
  An eye of draining (D:8)
  27 ogres
  9 boggarts (Vaults:1)
  29 wolves
  12 crocodiles
  2 human skeletons (Vaults:2)
  24 centaurs
  4 big kobolds
  20 bullfrogs
  2 small abominations (Abyss:2)
  5 earth elementals
  A gnoll sergeant (D:10)
  A wyvern skeleton (D:12)
  A glowing shapeshifter simulacrum (Vaults:2)
  A water moccasin skeleton (D:6)
  5 scorpions
  16 killer bees
  8 wights
  4 howler monkeys
  8 electric eels
  4 crimson imps
  A bullfrog zombie (D:13)
  A centaur zombie (D:9)
  3 human simulacra
  A jelly (D:10)
  12 orc priests
  5 hounds
  24 orc wizards
  A bullfrog skeleton (D:8)
  3 iguanas
  2 iron imps (Abyss:2)
  2 hell rats (D:9)
  34 worker ants
  A statue (D:7)
  A mummy (D:5)
  A hound skeleton (D:9)
  A howler monkey zombie (D:8)
  A worker ant zombie (D:10)
  11 adders
  13 gnolls
  2 howler monkey skeletons
  A river rat (D:9)
  A shadow imp (D:7)
  An ooze (D:3)
  2 adder skeletons
  5 worms
  A dart slug (D:3)
  4 leopard geckos
  90 orcs
  A ball python (D:1)
  6 giant cockroaches
  17 goblins
  5 hobgoblins
  18 jackals
  7 quokkas
  6 bats
  9 frilled lizards
  A hobgoblin zombie (D:5)
  A jackal skeleton (D:9)
  34 kobolds
  A kobold zombie (D:5)
  A leopard gecko skeleton (D:4)
  2 quokka skeletons
  12 rats
  A butterfly (Lair:2)
  A lurking horror (Abyss:2)
  4 plants (Lair:6)
  5 starspawn tentacles (Abyss:2)
  6 tentacles (Shoals:4)
1751 creatures vanquished.

Vanquished Creatures (collateral kills)
  A storm dragon (Vaults:5)
  Gastronok (D:8)
  A tengu reaver (Vaults:5)
  2 vault wardens (Vaults:5)
  An ironheart preserver (Vaults:5)
  2 war gargoyles (Vaults:5)
  2 very ugly things (Vaults:5)
  A deep elf annihilator (Vaults:5)
  A dire elephant (Lair:6)
  2 ettins (Vaults:5)
  A merfolk javelineer (Shoals:4)
  A great orb of eyes (Vaults:2)
  A deep elf high priest (Vaults:5)
  The ghost of Toogi the Quickloader, a journeyman TeHu of Fedhas (Lair:3)
  Harold (Orc:1)
  Erolcha (Orc:1)
  3 vault guards (Vaults:5)
  An alligator snapping turtle (Shoals:3)
  A two-headed ogre (Vaults:5)
  5 death yaks
  A cyclops (Shoals:3)
  An ugly thing (Vaults:5)
  4 yaktaurs
  A jumping spider (Spider:2)
  A snapping turtle (Shoals:3)
  4 yaks (Lair:6)
  2 redbacks
  A yaktaur simulacrum (Vaults:2)
  3 soldier ants (Spider:2)
  A porcupine (shapeshifter) (Vaults:5)
  An ogre (Vaults:5)
  2 crocodiles (Lair:6)
  A bullfrog (D:8)
  2 worker ants (Spider:2)
  2 hell rats (D:9)
  A quokka (D:9)
  A rat (D:9)
59 creatures vanquished.

Vanquished Creatures (others)
  Boris (Vaults:3)
  A deep elf knight (Elf:1)
  A deep elf mage (Elf:1)
  An orb spider (Spider:4)
  A yaktaur (Vaults:2)
  A demonic crawler (Spider:3)
  A jumping spider (Spider:1)
  A sky beast (D:11)
  An ogre (Vaults:1)
  An orc (Elf:1)
  13 fungi
  11 plants
  11 starspawn tentacles (Abyss:2)
  10 tentacles
55 creatures vanquished.

Grand Total: 1865 creatures vanquished

Notes
Turn   | Place    | Note
-------+----------+-------------------------------------------
     0 | D:1      | Exodus22XD the Human Berserker began the quest for the Orb.
     0 | D:1      | Reached XP level 1. HP: 18/18 MP: 1/1
   284 | D:1      | You fall into a shaft and drop 1 floor!
   401 | D:2      | Reached XP level 2. HP: 23/24 MP: 2/2
   880 | D:1      | Reached XP level 3. HP: 25/29 MP: 3/3
   978 | D:1      | Reached ** piety under Trog
  1655 | D:2      | Reached XP level 4. HP: 35/36 MP: 4/4
  1761 | D:2      | Found a shadowy altar of Dithmenos.
  1813 | D:2      | Found an iron altar of Okawaru.
  2048 | D:3      | Reached XP level 5. HP: 39/42 MP: 5/5
  2096 | D:3      | Reached *** piety under Trog
  2206 | D:3      | You fall into a shaft and drop 2 floors!
  2206 | D:5      | Entered Level 5 of the Dungeon
  2277 | D:5      | Noticed Sigmund
  2297 | D:5      | Killed Sigmund
  2297 | D:5      | Reached skill level 5 in Long Blades
  2297 | D:5      | Reached XP level 6. HP: 47/48 MP: 6/6
  2403 | D:5      | Noticed Edmund
  2437 | D:5      | Killed Edmund
  2437 | D:5      | Reached XP level 7. HP: 20/55 MP: 7/7
  3377 | D:3      | Found a shimmering altar of Xom.
  3551 | D:3      | Reached **** piety under Trog
  3882 | D:3      | Found a glowing silver altar of Zin.
  4264 | D:4      | Reached XP level 8. HP: 44/61 MP: 8/8
  4634 | D:4      | Got a pair of encrusted gloves
  4676 | D:4      | Identified the +3 pair of gloves of Articulation {Int+3}
                  | (You found it on level 4 of the Dungeon)
  4762 | D:4      | Found a bloodstained altar of Trog.
  4914 | D:4      | Found a shimmering blue altar of Sif Muna.
  4914 | D:4      | Found a white marble altar of Elyvilon.
  4915 | D:4      | Found a burning altar of Makhleb.
  5683 | D:5      | Reached skill level 5 in Fighting
  5881 | D:5      | Found a glowing golden altar of the Shining One.
  6276 | D:6      | Reached skill level 5 in Armour
  6745 | D:6      | Reached XP level 9. HP: 36/68 MP: 9/9
  6755 | D:6      | Reached ***** piety under Trog
  7356 | D:7      | Found a shattered altar of Ashenzari.
  7374 | D:7      | Noticed a two-headed ogre
  7386 | D:7      | Killed a two-headed ogre
  7386 | D:7      | Reached skill level 5 in Dodging
  7470 | D:7      | Noticed a troll
  7482 | D:7      | Killed a troll
  7551 | D:7      | Found a staircase to the Ecumenical Temple.
  7755 | D:7      | Found a hazy altar of Hepliaklqana.
  8087 | D:7      | Found a radiant altar of Vehumet.
  8415 | D:7      | Reached XP level 10. HP: 72/76 MP: 10/10
  8711 | D:8      | Noticed a +0 dagger
  8711 | D:8      | Noticed a +0 dagger
  8725 | D:8      | Found a hide-covered altar of Uskayaw.
  8736 | D:8      | Found a flagged portal.
  8737 | D:8      | Noticed Gastronok
  8748 | D:8      | Killed Gastronok
  8748 | D:8      | Reached skill level 10 in Long Blades
  8755 | D:8      | Found Hetiz's Weapon Shop.
  9894 | D:9      | Found Weilec Bao's Armour Shoppe.
  9959 | D:9      | Received a gift from Trog
  9995 | D:9      | Noticed a death yak
  9996 | D:9      | Noticed a death yak
 10009 | D:9      | Killed a death yak
 10010 | D:9      | Noticed a death yak
 10013 | D:9      | Killed a death yak
 10017 | D:9      | Killed a death yak
 10017 | D:9      | Reached XP level 11. HP: 84/84 MP: 11/11
 10027 | D:9      | Found a staircase to the Lair.
 10389 | D:9      | Noticed a two-headed ogre
 10419 | D:9      | Killed a two-headed ogre
 10663 | D:9      | Found Hozadd's Weapon Emporium.
 10688 | D:9      | Found Pior's Magic Scroll Shoppe.
 10994 | D:9      | Found an ornate altar of the Wu Jian Council.
 11118 | D:9      | Found Tuquz's Book Emporium.
 11182 | D:9      | Found Goehy's Armour Boutique.
 11240 | D:10     | Entered Level 10 of the Dungeon
 12350 | D:10     | Found a staircase to the Orcish Mines.
 12771 | D:11     | Noticed a manticore
 12782 | D:11     | Killed a manticore
 13027 | D:11     | Reached XP level 12. HP: 71/94 MP: 12/12
 13039 | D:11     | Received a gift from Trog
 13427 | D:11     | Noticed a death yak
 13520 | D:11     | Noticed a death yak
 14853 | Lair:1   | Entered Level 1 of the Lair of Beasts
 15135 | Lair:1   | Noticed Urug
 15345 | Lair:1   | Killed Urug
 15431 | Lair:1   | Noticed Sonja
 15445 | Lair:1   | Killed Sonja
 15762 | Lair:1   | Identified 2 scrolls of acquirement
 15770 | Lair:1   | Acquired a manual of Armour
 15958 | Lair:1   | Acquired the amulet "Puxiunaj" {rF+ Regen+ Int+2}
 16732 | Lair:2   | Noticed a four-headed hydra
 17143 | Lair:2   | Found a staircase to the Shoals.
 17179 | Lair:2   | Reached skill level 1 in Short Blades
 17315 | Lair:2   | Killed a four-headed hydra
 17809 | Lair:3   | Reached XP level 13. HP: 63/102 MP: 13/13
 18403 | Lair:3   | Reached skill level 10 in Fighting
 18619 | Lair:3   | Found a runed translucent door.
 18620 | Lair:3   | Identified the +6 spear "Pullof" {vorpal, +Rage rElec rC-
                  | rN+++}
 18627 | Lair:3   | Noticed Toogi's ghost (journeyman TeHu)
 19131 | Lair:3   | Killed Toogi's ghost
 19131 | Lair:3   | Reached skill level 10 in Armour
 19338 | Lair:4   | Noticed a four-headed hydra
 19575 | Lair:4   | Killed a four-headed hydra
 19860 | Lair:4   | Received a gift from Trog
 20382 | Lair:4   | Found a hole to the Spider Nest.
 20414 | Lair:4   | Reached XP level 14. HP: 92/114 MP: 14/14
 20717 | Lair:4   | Found a runed translucent gate.
 20717 | Lair:4   | Found a runed translucent gate.
 20718 | Lair:4   | Found a runed translucent gate.
 20719 | Lair:4   | Noticed Rykyfasu's ghost (journeyman MiFi)
 20725 | Lair:4   | Found a viscous altar of Jiyva.
 21274 | Lair:5   | Reached skill level 15 in Long Blades
 22097 | Lair:6   | Entered Level 6 of the Lair of Beasts
 22201 | Lair:6   | Reached skill level 10 in Dodging
 22636 | Lair:6   | Received a gift from Trog
 23015 | Lair:6   | Reached XP level 15. HP: 78/126 MP: 5/15
 23234 | Lair:6   | Found a staircase to the Slime Pits.
 23637 | Lair:6   | Acquired the +3 helmet of the Tormentor {Str+3}
 24361 | Orc:1    | Entered Level 1 of the Orcish Mines
 24370 | Orc:1    | Noticed Erica
 24393 | Orc:1    | Killed Erica
 24432 | Orc:1    | Found a frozen archway.
 24434 | Orc:1    | Received a gift from Trog
 24494 | IceCv    | Entered an ice cave
 24838 | IceCv    | Reached skill level 15 in Fighting
 25070 | IceCv    | Noticed a frost giant
 25083 | IceCv    | Killed a frost giant
 25099 | IceCv    | Received a gift from Trog
 25528 | IceCv    | Got a crystal short sword
 25538 | Orc:1    | Identified the +10 short sword of Terror {freeze, rC+
                  | Dex+3} (You found it in an ice cave)
 25634 | Orc:1    | Noticed an orc warlord
 25660 | Orc:1    | Killed an orc warlord
 26067 | Orc:1    | Noticed Erolcha
 26067 | Orc:1    | Noticed Harold
 26077 | Orc:1    | Killed Erolcha
 26080 | Orc:1    | Killed Harold
 26255 | Orc:2    | Entered Level 2 of the Orcish Mines
 26258 | Orc:2    | Found a roughly hewn altar of Beogh.
 26274 | Orc:2    | Reached XP level 16. HP: 136/136 MP: 16/16
 26369 | Orc:2    | Found Oclym's Gadget Shoppe.
 26645 | Orc:2    | Found a staircase to the Elven Halls.
 26736 | Orc:2    | Found Maedooc's Antique Weapon Boutique.
 26760 | Orc:2    | Found Nipapt's Book Shoppe.
 26768 | Orc:2    | Found Qeosog's Antique Weapon Shoppe.
 26770 | Orc:2    | Found Jiboiwki's Weapon Boutique.
 26910 | Orc:2    | Found Vitekaho's Weapon Shop.
 26968 | Orc:2    | Reached skill level 15 in Armour
 27201 | Elf:1    | Entered Level 1 of the Elven Halls
 27543 | Elf:1    | Reached ****** piety under Trog
 27543 | Elf:1    | Received a gift from Trog
 28734 | Elf:1    | Received a gift from Trog
 28734 | Elf:1    | Reached XP level 17. HP: 114/144 MP: 5/17
 29183 | Elf:2    | Found Busuxad's Armour Shop.
 29323 | Elf:2    | Found Esergh's Gadget Shop.
 29327 | Elf:2    | Found Dizaif's Antique Weapon Shop.
 29327 | Elf:2    | Found Rydam's Weapon Boutique.
 29353 | Elf:2    | Found Evoleapn's Gadget Boutique.
 29682 | Elf:2    | Found a runed translucent gate.
 29683 | Elf:2    | Found a runed translucent gate.
 29699 | Elf:2    | Found a runed translucent gate.
 30023 | Elf:3    | Entered Level 3 of the Elven Halls
 30337 | Elf:3    | Received a gift from Trog
 30345 | Elf:3    | Noticed a deep elf blademaster
 30362 | Elf:3    | Killed a deep elf blademaster
 30363 | Elf:3    | Identified the ring "Adun" {MR+ Str+7 Int+2 Dex+9 Stlth-}
 30608 | Elf:3    | Noticed a Hell Sentinel
 30637 | Elf:3    | Cast into level 2 of the Abyss (a deep elf sorcerer)
 30764 | Abyss:2  | Noticed a tentacled starspawn
 30801 | Abyss:2  | Noticed a tentacled starspawn
 30805 | Abyss:2  | Killed a tentacled starspawn
 30806 | Abyss:2  | Gained mutation: You are frail. (-10% HP) [a neqoxec]
 30830 | Abyss:2  | Killed a tentacled starspawn
 30879 | Abyss:2  | Noticed a tentacled starspawn
 30897 | Abyss:2  | Killed a tentacled starspawn
 30915 | Elf:3    | Escaped the Abyss
 31039 | Elf:3    | Reached XP level 18. HP: 108/137 MP: 6/18
 31122 | Elf:3    | Noticed a deep elf master archer
 31128 | Elf:3    | Received a gift from Trog
 31136 | Elf:3    | Killed a deep elf master archer
 31304 | Elf:3    | Identified the +6 mace of Aluca {drain, Str+5 Int+3}
 31370 | Elf:3    | Identified the cursed +1 flail of Heanol {flame, rC+ MP+9}
 31397 | Elf:3    | Noticed a deep elf master archer
 31412 | Elf:3    | Killed a deep elf master archer
 31531 | Elf:3    | Identified the +7 falchion of the Final Decision {drain,
                  | Int+4}
 31580 | Elf:3    | Found the +0 mask of the Dragon {MR+ Slay+3 SInv}
 31648 | Elf:3    | Identified the ring "Zuemaco" {Int+4 Stlth-}
 31879 | Elf:3    | Noticed a Tzitzimitl
 32015 | Elf:3    | Noticed a deep elf blademaster
 32032 | Elf:3    | Killed a deep elf blademaster
 32701 | Shoals:1 | Entered Level 1 of the Shoals
 32801 | Shoals:1 | Found the +8 demon trident "Rift" {distort, reach+}
 32801 | Shoals:1 | Found a transporter.
 32802 | Shoals:1 | Found a transporter.
 32804 | Shoals:1 | Noticed a profane servitor
 32806 | Shoals:1 | Noticed DogServant's ghost (journeyman TrHu)
 32821 | Shoals:1 | Identified the +6 demon trident "Cusius" {distort, rPois
                  | rC- Dex+3}
 32836 | Shoals:1 | Found a one-way gate to the infinite horrors of the Abyss.
 32885 | Shoals:1 | Received a gift from Trog
 33564 | Shoals:2 | Reached XP level 19. HP: 128/144 MP: 19/19
 34174 | Shoals:3 | Found Yruy's General Store.
 34208 | Shoals:3 | Found Keicas Vite's Book Shoppe.
 34208 | Shoals:3 | Found Ewkizie's Magic Scroll Emporium.
 34277 | Shoals:3 | Bought a scroll of blinking for 97 gold pieces
 34277 | Shoals:3 | Bought a scroll of teleportation for 39 gold pieces
 34277 | Shoals:3 | Bought a scroll of enchant weapon for 97 gold pieces
 34277 | Shoals:3 | Bought 3 scrolls of silence for 292 gold pieces
 34375 | Shoals:3 | Bought a scroll of holy word for 97 gold pieces
 34375 | Shoals:3 | Bought a scroll of identify for 26 gold pieces
 34833 | Shoals:3 | Found Waopaeco's Assorted Antiques.
 34839 | Shoals:3 | Found Nier's Armour Boutique.
 34842 | Shoals:3 | Bought a scroll of fear for 129 gold pieces
 35024 | Shoals:3 | Got a glimmering helmet
 35035 | Shoals:3 | Identified the cursed +0 helmet of Action {MR+ Int+7} (You
                  | found it on level 3 of the Shoals)
 35303 | Shoals:4 | Entered Level 4 of the Shoals
 35623 | Shoals:4 | Received a gift from Trog
 36052 | Shoals:4 | Noticed Polyphemus
 36053 | Shoals:4 | Identified Roxanne's Reference Book on Stones
 36053 | Shoals:4 | Noticed Roxanne
 36321 | Shoals:4 | Got a barnacled rune of Zot
 36541 | Spider:1 | Entered Level 1 of the Spider Nest
 37562 | Spider:1 | Got a transparent lapis lazuli ring
 37564 | Spider:1 | Identified the ring of Cust {Ice rElec rN+ Str+4 Int-5}
                  | (You found it on level 1 of the Spider Nest)
 37915 | Spider:2 | Received a gift from Trog
 38138 | Spider:2 | Reached XP level 20. HP: 141/153 MP: 20/20
 38727 | Spider:2 | Received a gift from Trog
 38728 | Spider:2 | Got a shimmering quick blade {god gift}
 39515 | Spider:3 | Noticed Nikola
 39532 | Spider:3 | Killed Nikola
 39595 | Spider:3 | Noticed Agnes
 39603 | Spider:3 | Killed Agnes
 39741 | Spider:3 | Noticed Louise
 39801 | Spider:3 | Killed Louise
 40318 | Spider:4 | Entered Level 4 of the Spider Nest
 40338 | Spider:4 | Received a gift from Trog
 41286 | Spider:4 | Received a gift from Trog
 41618 | Spider:4 | Got a gossamer rune of Zot
 42384 | D:11     | Reached XP level 21. HP: 160/160 MP: 21/21
 42434 | D:11     | Identified the Reference Book on Warped Darkness
 42746 | D:12     | Found Sekh's Gadget Shoppe.
 42757 | D:12     | Noticed Azrael
 42766 | D:12     | Killed Azrael
 43079 | D:12     | Noticed Psyche
 43084 | D:12     | Killed Psyche
 43122 | D:12     | Paralysed by a hornet for 2 turns
 43187 | D:12     | Noticed Snorg
 43192 | D:12     | Killed Snorg
 43514 | D:13     | Found a gate to the Vaults.
 43547 | D:13     | Received a gift from Trog
 43964 | Vaults:1 | Entered Level 1 of the Vaults
 44674 | Vaults:1 | Received a gift from Trog
 45714 | Vaults:2 | Found Tett's Antique Armour Shop.
 45752 | Vaults:2 | Received a gift from Trog
 45793 | Vaults:2 | Acquired the ring "Musocar" {rN+ Str+2 Slay+5}
 45955 | Vaults:2 | Reached XP level 22. HP: 128/171 MP: 22/22
 46264 | Vaults:2 | Bought a shimmering scale mail for 261 gold pieces
 46275 | Vaults:2 | Identified the +1 scale mail of Kleptomania {Str+3} (You
                  | bought it in a shop on level 2 of the Vaults)
 46423 | Vaults:2 | Received a gift from Trog
 47290 | Vaults:3 | Found a flickering gateway to a bazaar.
 47298 | Bazaar   | Entered a bazaar
 47298 | Bazaar   | Found Vykysm's Distillery.
 47298 | Bazaar   | Found Wuomom's Jewellery Emporium.
 47302 | Bazaar   | Found Tualiwni's Food Shoppe.
 47316 | Bazaar   | Found Cegoho's General Store.
 47338 | Bazaar   | Bought a scroll of silence for 120 gold pieces
 47338 | Bazaar   | Bought a +1 cloak of poison resistance for 216 gold pieces
 47338 | Bazaar   | Bought a +0 pair of boots of running for 504 gold pieces
 47338 | Bazaar   | Bought a potion of haste for 160 gold pieces
 47358 | Bazaar   | Bought a potion of heal wounds for 60 gold pieces
 47358 | Bazaar   | Bought a potion of heal wounds for 60 gold pieces
 47368 | Bazaar   | Bought a ration for 50 gold pieces
 47368 | Bazaar   | Bought a ration for 50 gold pieces
 47368 | Bazaar   | Bought a ration for 50 gold pieces
 47368 | Bazaar   | Bought a ration for 50 gold pieces
 47368 | Bazaar   | Bought a ration for 50 gold pieces
 47368 | Bazaar   | Bought a ration for 50 gold pieces
 47368 | Bazaar   | Bought a ration for 50 gold pieces
 47368 | Bazaar   | Bought a ration for 50 gold pieces
 47368 | Bazaar   | Bought a ration for 50 gold pieces
 47368 | Bazaar   | Bought a ration for 50 gold pieces
 47368 | Bazaar   | Bought a ration for 50 gold pieces
 47368 | Bazaar   | Bought a ration for 50 gold pieces
 47368 | Bazaar   | Bought a ration for 50 gold pieces
 47368 | Bazaar   | Bought a ration for 50 gold pieces
 47368 | Bazaar   | Bought a ration for 50 gold pieces
 47519 | Vaults:3 | Received a gift from Trog
 47797 | Vaults:3 | Noticed Donald
 47813 | Vaults:3 | Killed Donald
 47860 | Vaults:3 | Found a staircase to the Crypt.
 47924 | Vaults:3 | Noticed Boris
 47930 | Vaults:3 | Killed Boris
 48566 | Vaults:3 | Noticed Margery
 48576 | Vaults:3 | Killed Margery
 48581 | Vaults:3 | Received a gift from Trog
 48733 | Vaults:3 | Reached XP level 23. HP: 180/180 MP: 23/23
 49538 | Vaults:4 | Received a gift from Trog
 50062 | Vaults:4 | Received a gift from Trog
 50668 | Vaults:5 | Entered Level 5 of the Vaults
 50772 | Vaults:5 | Reached XP level 24. HP: 75/192 MP: 23/23
 50955 | Vaults:5 | Received a gift from Trog
 50957 | Vaults:5 | Identified the +5 ring mail of Ateoch {Str+4 SInv}
 51441 | Vaults:5 | Received a gift from Trog
 51561 | Vaults:5 | Killed from afar by a frost giant

Illustrated notes

Levels and vault maps discovered:
D:1:      eino_arrival_tree_alley, layout_loops_ring
D:2:      layout_basic, kennysheep_okawaru_gauntlet, lemuel_round_altar
D:3:      layout_loops_cross, xom_butterflies, zin_statuary, minmay_puff
D:4:      minmay_bubble_buster, layout_layer_cave,
          chequers_temple_overflow_statue_of_worship, first_ration,
          trog_butcher_becter
D:5:      layout_loops_ring, kennysheep_little_box, nicolae_ossuary_entry_giza,
          sigmund_edmund_badplayer
D:6:      layout_basic
D:7:      corexii_shack_village, layout_loops_corners, vehumet_statue,
          cheibrodos_ashenzari_chains, lemuel_round_altar,
          minmay_temple_entry_enclosed_plants, grunt_ogre_cave
D:8:      layout_gridville, dancing_weapons_uskayaw, enter_bailey_2,
          serial_shops, shop, uniq_gastronok
D:9:      minmay_clustersquares, layout_irregular_city, kennysheep_mini_moat,
          dpeg_lair_monsters, serial_shops, nicolae_shop_behind_doors, shop,
          shop_statue, shop, shop
D:10:     layout_stronghold, minmay_orc_entry_guard_dogs
D:11:     fort_yaktaur, layout_basic
D:12:     layout_long_grid, serial_shops, shop, serial_bayou_pond_c,
          uniq_azrael, uniq_psyche, uniq_snorg
D:13:     layout_cave_pools, david_vaults_1, eino_jars
Lair:1:   layout_gridlike, chequers_serial_rivers_room_a, uniq_urug, uniq_sonja
Lair:2:   layout_layer_cave, elwin_shoals_entry_rooms, grunt_megastairs_4,
          lemuel_fruit_fields
Lair:3:   layout_cave_pods, ebering_ghost_funeral_grove,
          infiniplex_staircase_pool, serial_bayou_shore_b, lemuel_fruit_fields,
          grunt_megastairs_5
Lair:4:   layout_cave_pods, spider_nest_entry_web_field, special_room
          [special_room_mythical_zoo], gammafunk_ghost_ooze,
          serial_bayou_shore_b
Lair:5:   layout_cave_pods, grunt_forest_small_clearings
Lair:6:   due_jungle_book, layout_regular_city, slime_dummy, pond
Shoals:1: layout_shoals, gammafunk_ghost_abyssal_escape
Shoals:2: cheibrodos_shoals_baths, layout_shoals
Shoals:3: layout_shoals, serial_shops, nicolae_shop_stone, shop_statue,
          nicolae_shop_temple_entry_statues_fountains, shop,
          nicolae_shop_waterfront
Shoals:4: shoals_end_grunt_ice, layout_shoals, uniq_roxanne, uniq_polyphemus
Spider:1: layout_spider_delve
Spider:2: layout_chambers, minmay_another_anthill
Spider:3: layout_spider_delve, uniq_louise, uniq_nikola, uniq_agnes
Spider:4: grunt_spider_rune_circles
Orc:1:    layout_caves, portal_ice_cave_entry_ice_beasts, mines3_lemuel,
          uniq_erolcha, uniq_erica, uniq_harold
Orc:2:    st_orc_elflike, layout_diamond_mine, basic_altar, serial_shops,
          nicolae_shop_stone, shop_statue
Elf:1:    layout_geoelf_octagon, hangedman_elven_crosses_minicolossus,
          nrook_loot_triangle
Elf:2:    layout_loops_ring, serial_shops, nicolae_shop_trees, minmay_shoptagon
Elf:3:    grunt_elf_hall_spiral, layout_geoelf_octagon
Vaults:1: grunt_vaults_focal, ontoclasm_vaults_fault, v_pattern_2, v_misc_15,
          nicolae_vaults_little_ls, vaults_dpeg_spiral, hangedman_vaults_stream,
          vaults_room_ringed_pool, v_misc_29, vaults_room_glass_cross, v_misc_8,
          ontoclasm_vaults_hangar, vaults_room_grunt_arrival_ludios,
          vaults_standard_mumra_x, grunt_vaults_diagonal,
          layout_vaults_omnicross
Vaults:2: hangedman_vaults_pinch, nicolae_vaults_hallways_thing,
          vaults_mumra_bighexcomb, ontoclasm_vaults_gateway,
          dpeg_vaults_monster_box, vaults_dpeg_diagonal,
          ontoclasm_vaults_hangar, hangedman_vaults_slice,
          layout_vaults_big_room, serial_shops, nicolae_shop_overgrown_old_shop
Vaults:3: v_misc_2, minmay_crypt_entry_simple_sparse, v_misc_23,
          hangedman_vaults_trim, nicolae_vaults_halls_meeting,
          nicolae_vaults_circle_grid_a, vaults_room_pool, vaults_room_pool,
          vaults_room_hallway, nicolae_vaults_alarming, layout_vaults_omnigrid,
          serial_shops, bzr_entry_safe, uniq_margery, uniq_donald, uniq_boris
Vaults:4: v_misc_19, nicolae_vaults_network_star,
          nicolae_vaults_windows_and_doors_thing, hangedman_vaults_river_flow,
          v_misc_18, v_misc_8, grunt_vaults_funnel, v_rooms_4, serial_ice_h,
          ontoclasm_vaults_ring_square, nicolae_vaults_little_squares_4,
          ontoclasm_vaults_ring_large, ontoclasm_vaults_idyll,
          ontoclasm_vaults_ring_small, layout_vaults_omnibox
Vaults:5

Skill      XL: |  1  2  3  4  5  6  7  8  9 10 11 12 13 14 15 16 17 18 19 20 21 22 23 24 |
---------------+-------------------------------------------------------------------------+-----
Long Blades    | 4 5 6 7 9 11 12 13 14 15 16 18 19 20 22 23 24 | 24.1
Fighting       | 4 5 6 7 8 9 11 14 15 16 17 18 19 21 23 24 | 24.0
Armour         | 3 4 5 6 7 9 11 13 14 15 16 17 18 | 18.8
Dodging        | 3 4 5 6 7 8 9 10 11 12 13 | 13.9
Short Blades   | 1 |  1.4
Stealth        | |  0.2

Action                   |  1- 3 |  4- 6 |  7- 9 | 10-12 | 13-15 | 16-18 | 19-21 | 22-24 || total
-------------------------+-------+-------+-------+-------+-------+-------+-------+-------++-------
Melee: Falchion          |   110 |   154 |   535 |    48 |       |       |       |       ||   847
       Long sword        |       |       |       |   154 |       |       |       |       ||   154
       Scimitar          |       |       |       |   642 |   920 |       |       |       ||  1562
       Rapier            |       |       |       |    26 |    17 |       |       |       ||    43
       Great sword       |       |       |       |       |   276 |   745 |     6 |       ||  1027
       Triple sword      |       |       |       |       |    25 |   293 |  1152 |   787 ||  2257
Invok: Berserk           |     1 |     2 |     7 |     8 |    14 |     5 |     3 |     2 ||    42
       Trog's Hand       |       |       |     1 |     1 |       |     1 |       |     3 ||     6
       Brothers in Arms  |       |       |       |     5 |     4 |     1 |     5 |     8 ||    23
Evoke: Wand              |       |       |       |       |     2 |     1 |    13 |       ||    16
  Use: Scroll            |       |       |    15 |    12 |     7 |    16 |    14 |     5 ||    69
       Potion            |       |       |       |     1 |       |     2 |     7 |     4 ||    14
 Stab: Sleeping          |     1 |       |     4 |     1 |       |       |       |       ||     6
       Petrified         |       |       |       |       |     4 |       |       |       ||     4
       Distracted        |       |       |       |       |       |     1 |       |     1 ||     2
  Eat: Chunk             |     3 |     4 |    27 |    32 |    38 |    25 |    35 |    25 ||   189
       Ration            |       |       |       |     2 |     2 |     2 |     3 |       ||     9
Armor: Animal skin       |     7 |       |       |       |       |       |       |       ||     7
       Swamp dragon scal |    27 |    68 |   228 |   350 |   456 |       |   274 |       ||  1403
       Plate armour      |       |       |       |       |   131 |   433 |   217 |       ||   781
       Fire dragon scale |       |       |       |       |       |       |    95 |   283 ||   378
Dodge: Dodged            |    83 |   115 |   367 |   564 |  1128 |   567 |  1270 |   564 ||  4658
       Rpst.: Falchion   |    24 |    31 |   108 |    13 |       |       |       |       ||   176
       Long sword        |       |       |       |    29 |       |       |       |       ||    29
       Scimitar          |       |       |       |   118 |   208 |       |       |       ||   326
       Great sword       |       |       |       |       |    77 |    89 |     1 |       ||   167
       Triple sword      |       |       |       |       |     8 |    57 |   259 |   115 ||   439
